 Dungeon Crawl Stone Soup version 0.31-a0-1591-g515db51633 (webtiles) character file.

Game seed: 7256151425493005523

2508 Xavori the Ducker (level 9, -2/99 HPs)
             Began as a Djinni Chaos Knight on Jan 6, 2024.
             Was a Plaything of Xom.
             Slain by Duvessa
             ... wielding a +3 short sword of speed
              (8 damage)
             ... on level 7 of the Dungeon.
             The game lasted 00:08:59 (12060 turns).

Xavori the Ducker (Djinni Chaos Knight)            Turns: 12060, Time: 00:09:00

Health: -2/99      AC: 28    Str: 11    XL:     9   Next: 83%
Gold:   388        EV:  2    Int: 14    God:    Xom [.*....] SH:  0 Dex: 19

rFire   + . .        y - +0 falchion (freeze)
rCold   . . .        (no shield)
rNeg    . . .        t - melded +0 troll leather armour {Pargi}
rPois   ∞            k - melded +2 helmet
rElec   .            (cloak currently unavailable)
rCorr   .            p - melded +0 pair of gloves {hurl}
SInv    .            (boots unavailable)
Will    .....        (no amulet)
Stlth   +++          w - ring of protection from fire
HPRegen 0.36/turn    g - +4 ring of protection
MPRegen 0.00/turn

%: infuse magic (-3 HP)
@: mighty, tree-form, very slightly contaminated
A: stationary, stasis, torment immunity, boosted hp, sickness immunity, (fire
resistance 2), (cold vulnerability 1), float, innate caster, HP casting, extra
vitality 1, (iridescent scales 1), thin skeletal structure 1
a: Renounce Religion


You were on level 7 of the Dungeon.
You worshipped Xom.
You were a plaything of Xom.
You were a tree.
You visited 1 branch of the dungeon, and saw 7 of its levels.
You also visited: Sewer.

You collected 388 gold pieces.

Inventory:

Hand Weapons
 y - a +0 falchion of freezing (weapon)
Missiles
 r - 25 poisoned darts
Armour
 b - a +2 leather armour
 k - a +2 helmet (melded)
 p - a +0 pair of gloves of hurling (melded)
 t - a +0 troll leather armour (melded) {Pargi}
Jewellery
 g - a +4 ring of protection (right branch)
 w - a ring of protection from fire (left branch)
Scrolls
 c - a scroll of butterflies
 d - 3 scrolls of immolation
 j - 3 scrolls of enchant weapon
 l - 5 scrolls of teleportation
 m - 3 scrolls of poison
 q - a scroll of blinking
 x - a scroll of amnesia
Potions
 a - a potion of attraction {unknown}
 e - a potion of brilliance {unknown}
 f - 2 potions of might
 i - 2 potions of curing {unknown}
 n - a potion of mutation
 s - 2 potions of haste {unknown}
 u - a potion of enlightenment {unknown}
 z - a potion of resistance {unknown}
 A - 2 potions of cancellation {unknown}
 B - a potion of experience {unknown}
 D - a potion of berserk rage {unknown}


   Skills:
 + Level 5.8 Fighting
 + Level 5.3 Long Blades
 + Level 5.0 Armour
 + Level 5.9 Dodging
 * Level 5.6 Spellcasting
 * Level 5.6 Conjurations
 * Level 5.6 Hexes
   Level 0.0 Charms
 * Level 5.6 Summonings
 * Level 5.6 Necromancy
 * Level 5.6 Translocations
   Level 0.0 Transmutations
 * Level 5.6 Fire Magic
 * Level 5.6 Ice Magic
 * Level 5.6 Air Magic
 * Level 5.6 Earth Magic
 * Level 5.6 Alchemy


You knew the following spells:

 Your Spells              Type           Power      Damage    Failure   Level
a - Shock                 Conj/Air       76%        1d7       1%          1
b - Lesser Beckoning      Tloc           38%        N/A       2%          2
c - Hailstorm             Conj/Ice       19%        3d7       4%          3
d - Summon Blazeheart Go  Fire/Summ      19%        N/A       16%         4
Your spell library was empty.

Dungeon Overview and Level Annotations

Branches:
Dungeon (7/15)             Temple (0/1) D:4           Sewer (visited)

Altars:
Elyvilon
Fedhas
Gozag
Nemelex Xobeh
Ru
Xom
Zin

Annotations:
D:4 3 runed translucent doors, Azoth's ghost, amateur DsGl
D:7 Duvessa


Innate Abilities, Weirdness & Mutations

You are a tree.
Your roots penetrate the ground, keeping you stationary.
You cannot be teleported.
You are immune to unholy pain and torment.
Your maximum health is greatly increased.
Your equipment is partially melded.
You are immune to sickness and miasma.
You are immune to poison.
((Your flesh is very heat resistant. (rF++)))
((You are vulnerable to cold. (rC-)))
You float through the air rather than walking.
You learn spells naturally, not from books.
Your magical power is your life essence.
You have superior vitality. (+4 MHP)
((You are partially covered in iridescent scales. (AC +2)))
You have a somewhat thin skeletal structure. (Dex +2, Stealth+)


Message History

Duvessa hits you but does no damage. Duvessa completely misses you.
Duvessa hits you with a +3 short sword of speed.
* * * LOW HITPOINT WARNING * * *
You hit Duvessa but do no damage.
Duvessa is severely wounded.
Duvessa closely misses you.
Duvessa hits you with a +3 short sword of speed!
* * * LOW HITPOINT WARNING * * *
Unknown command.
You aren't carrying any items that you can evoke.
Unknown command.
Blink to where?
Press: ? - help, Dir - move target, f - you
Okay, then.
Blink to where?
Press: ? - help, Dir - move target
As you read the scroll of blinking, it crumbles to dust.
You turn into a tree.
Your +2 helmet melds into your body.
Your +0 pair of gloves of hurling melds into your body.
Your +0 troll leather armour {Pargi} melds into your body.
Your aim is not that steady anymore.
Your roots penetrate the ground.
Casting: Hailstorm (mildly dangerous; 4% risk of failure)
Confirm with . or Enter, or press ? or * to list all spells.
Aiming: Shock (safe; 1% risk of failure)
Press: ? - help, Shift-Dir - straight line, f - Duvessa
Aim: Duvessa, wielding a +3 short sword of speed and wearing a +0 ring mail (severely wounded, berserk, 79% to hit)
The zap hits Duvessa but does no damage.
Duvessa is severely wounded.
* * * LOW HITPOINT WARNING * * *
You aren't carrying any items that you can evoke.
It was a potion of might.
You feel very mighty all of a sudden.
Xom is highly amused!
Duvessa hits you with a +3 short sword of speed.
* * * LOW HITPOINT WARNING * * *
Duvessa hits you but does no damage.
You completely miss Duvessa.
Duvessa is severely wounded.
Duvessa hits you with a +3 short sword of speed!
You die...

.....#....(...........'........#
.....#................#...####.#
.....#######+#.................#
###..##......#........#######..#
..#..##......#........#.....#..#
..#..........#........#.....#..#
..#...J......#........#.._..'.##
..#..###§#####........#.....#.#
_.#..#.........e♣.....#.....#.#
###..#........#######.#######.#
...#........# .............#
....#........# ....#.<...###
.....#........# ....#....##
######........# ... #...##
#........# ##### #........#
#........#


You could see Duvessa (berserk).

Vanquished Creatures
  Pikel (D:6)
  A cyclops (D:6)
  Edmund (D:5)
  Pargi (Sewer)
  A black bear (D:4)
  A centaur (D:5)
  An ogre (D:2)
  3 phantoms
  2 kobold brigands (D:7)
  2 bullfrogs (D:7)
  A scorpion (D:5)
  Dowan (D:7)
  2 howler monkeys
  A jelly (D:6)
  2 orc priests
  3 hounds
  5 iguanas
  2 sleepcaps
  Robin (D:2)
  4 adders
  3 gnolls (D:4)
  A shadow imp (D:5)
  2 dart slugs (D:1)
  3 ribbon worms
  14 orcs
  8 endoplasms
  2 giant cockroaches
  13 goblins
  8 hobgoblins
  9 jackals
  2 quokkas
  6 ball pythons
  5 bats
  A frilled lizard (D:1)
  17 kobolds
  5 rats
135 creatures vanquished.

Vanquished Creatures (collateral kills)
  A frilled lizard (D:2)
  A kobold (D:1)
2 creatures vanquished.

Grand Total: 137 creatures vanquished

Notes
Turn   | Place    | Note
-------+----------+-------------------------------------------
     0 | D:1      | Xavori the Djinni Chaos Knight began the quest for the Orb.
     0 | D:1      | Reached XP level 1. HP: 20/20 MP: 0/0
    68 | D:1      | Reached XP level 2. HP: 22/25 MP: 0/0
   231 | D:1      | XOM: 3-stop teleportation journey
   499 | D:1      | XOM: divination: detect creatures
   529 | D:1      | Reached XP level 3. HP: 28/30 MP: 0/0
   529 | D:1      | Learned a level 1 spell: Shock
   553 | D:1      | Reached skill level 1 in Spellcasting
   553 | D:1      | Reached skill level 1 in Conjurations
   553 | D:1      | Reached skill level 1 in Hexes
   553 | D:1      | Reached skill level 1 in Summonings
   553 | D:1      | Reached skill level 1 in Necromancy
   553 | D:1      | Reached skill level 1 in Translocations
   553 | D:1      | Reached skill level 1 in Fire Magic
   553 | D:1      | Reached skill level 1 in Ice Magic
   553 | D:1      | Reached skill level 1 in Air Magic
   553 | D:1      | Reached skill level 1 in Earth Magic
   553 | D:1      | Reached skill level 1 in Alchemy
   878 | D:2      | XOM: divination: detect items
   881 | D:2      | XOM: silly message
  1142 | D:1      | XOM: silly message
  1414 | D:1      | XOM: divination: detect creatures
  1456 | D:1      | XOM: silly message
  1870 | D:1      | XOM: noise
  3284 | D:1      | XOM: silly message
  3330 | D:1      | XOM: silly message
  3459 | D:1      | XOM: god gift: 16 gold pieces
  4039 | D:1      | XOM: god gift: glowing puce potion {god gift}
  4653 | D:1      | XOM: silly message
  4808 | D:1      | XOM: give mutation
  5557 | D:1      | XOM: god gift: 50 gold pieces
  6099 | D:1      | XOM is BORED!
  6099 | D:1      | XOM: summons 1 hostile shadow creature
  6650 | D:1      | XOM: summons 2 hostile demons
  7371 | D:1      | XOM: give mutations
  7371 | D:1      | Gained mutation: You occasionally lose the ability to drink
                  | potions when taking damage. [Xom's mischief]
  7371 | D:1      | Gained mutation: You are partially covered in iridescent
                  | scales. (AC +2) [Xom's mischief]
  7371 | D:1      | Gained mutation: You expend health (3 HP) to strengthen
                  | your wands. [Xom's mischief]
  8099 | D:2      | XOM: destruction
  8203 | D:2      | Noticed Robin
  8209 | D:2      | Reached XP level 4. HP: 35/35 MP: 0/0
  8232 | D:2      | Killed Robin
  8362 | D:2      | Noticed an ogre
  8367 | D:2      | Killed an ogre
  8368 | D:2      | Reached XP level 5. HP: 40/40 MP: 0/0
  8368 | D:2      | Learned a level 2 spell: Lesser Beckoning
  8490 | D:2      | XOM: chaos cloud
  8773 | D:3      | Reached XP level 6. HP: 33/47 MP: 0/0
  9006 | D:3      | XOM: silly message
  9562 | D:3      | Found an opulent altar of Gozag.
  9607 | D:3      | XOM: give mutation
  9607 | D:3      | Lost mutation: You occasionally lose the ability to drink
                  | potions when taking damage. [Xom's mischief]
  9748 | D:4      | XOM: destruction
  9757 | D:4      | XOM: 3-stop teleportation journey
  9770 | D:4      | XOM: give mutations
  9770 | D:4      | Lost mutation: You expend health (3 HP) to strengthen your
                  | wands. [Xom's mischief]
  9770 | D:4      | Gained mutation: You are frail. (-10% HP) [Xom's mischief]
  9770 | D:4      | Gained mutation: You have a somewhat thin skeletal
                  | structure. (Dex +2, Stealth+) [Xom's mischief]
  9816 | D:4      | XOM: silly message
  9827 | D:4      | Noticed a black bear
  9830 | D:4      | XOM: fog
  9889 | D:4      | Killed a black bear
  9890 | D:4      | Reached XP level 7. HP: 42/46 MP: 0/0
  9890 | D:4      | Learned a level 3 spell: Hailstorm
 10041 | D:4      | XOM: smoke on damage
 10144 | D:4      | Found a glowing drain.
 10144 | D:4      | XOM: give mutation
 10144 | D:4      | Lost mutation: You are frail. (-10% HP) [Xom's mischief]
 10152 | Sewer    | Entered a sewer
 10229 | Sewer    | Noticed Pargi
 10234 | Sewer    | XOM: potion effect (attraction)
 10246 | Sewer    | Killed Pargi
 10266 | Sewer    | XOM: 1-stop teleportation journey
 10510 | D:4      | Found a staircase to the Ecumenical Temple.
 10546 | D:4      | Found a runed translucent gate.
 10547 | D:4      | Found a runed translucent gate.
 10547 | D:4      | Identified the +6 spear of Liqiss {freeze, ^Fragile rC+
                  | Int+3}
 10547 | D:4      | Identified the +1 chain mail of Maamycw {+Inv rN+ Str+3
                  | Int-2}
 10548 | D:4      | Found a runed translucent gate.
 10555 | D:4      | Noticed Azoth's ghost (amateur DsGl)
 10661 | D:5      | Entered Level 5 of the Dungeon
 10705 | D:5      | Noticed Edmund
 10723 | D:5      | Killed Edmund
 10724 | D:5      | Reached XP level 8. HP: 31/58 MP: 0/0
 10831 | D:5      | Found a glowing silver altar of Zin.
 10832 | D:5      | Found a blossoming altar of Fedhas.
 11072 | D:5      | Found a white marble altar of Elyvilon.
 11085 | D:5      | Found a sacrificial altar of Ru.
 11202 | D:6      | XOM: stealth player
 11268 | D:6      | Noticed Pikel
 11287 | D:6      | Killed Pikel
 11288 | D:6      | Reached skill level 5 in Fighting
 11288 | D:6      | Reached skill level 5 in Dodging
 11288 | D:6      | Reached XP level 9. HP: 65/65 MP: 0/0
 11288 | D:6      | Learned a level 4 spell: Summon Blazeheart Golem
 11417 | D:6      | Identified the +1 robe of the Verdant God {^Drain rCorr
                  | Str+2 Dex+4}
 11481 | D:6      | Noticed a cyclops
 11483 | D:6      | XOM: summons friendly crimson imp
 11487 | D:6      | XOM: confuse monster(s)
 11498 | D:6      | Killed a cyclops
 11499 | D:6      | Reached skill level 5 in Long Blades
 11499 | D:6      | Reached skill level 5 in Spellcasting
 11499 | D:6      | Reached skill level 5 in Conjurations
 11499 | D:6      | Reached skill level 5 in Hexes
 11499 | D:6      | Reached skill level 5 in Summonings
 11499 | D:6      | Reached skill level 5 in Necromancy
 11499 | D:6      | Reached skill level 5 in Translocations
 11499 | D:6      | Reached skill level 5 in Fire Magic
 11499 | D:6      | Reached skill level 5 in Ice Magic
 11499 | D:6      | Reached skill level 5 in Air Magic
 11499 | D:6      | Reached skill level 5 in Earth Magic
 11499 | D:6      | Reached skill level 5 in Alchemy
 11778 | D:6      | XOM: silly message
 11850 | D:7      | Found a sparkling altar of Nemelex Xobeh.
 11960 | D:7      | XOM: enchant monster (bad)
 12010 | D:7      | Found a shimmering altar of Xom.
 12011 | D:7      | Found a shimmering altar of Xom.
 12011 | D:7      | Found a shimmering altar of Xom.
 12013 | D:7      | Found a shimmering altar of Xom.
 12013 | D:7      | Found a shimmering altar of Xom.
 12022 | D:7      | Noticed Dowan
 12023 | D:7      | Noticed Duvessa
 12027 | D:7      | XOM: summons 4 friendly demons
 12034 | D:7      | XOM: confuse monster(s)
 12042 | D:7      | Killed Dowan
 12043 | D:7      | Reached skill level 5 in Armour
 12053 | D:7      | HP: 3/66 [Duvessa/+3 short sword of speed (14)]
 12060 | D:7      | Slain by Duvessa

Illustrated notes

Levels and vault maps discovered:
D:1:      sevenhm_arrival_forest_fort_small_3, layout_loops_cross
D:2:      layout_basic, uniq_robin
D:3:      layout_basic, mainiacjoe_overflow_cross_hatched
D:4:      black_bear_nest_1, layout_rooms, minmay_temple_entry_proselytizer,
          biasface_ghost_orc_armoury, cheibrodos_sewer_entry_bend,
          nicolae_figureground_sparkle
D:5:      layout_cave_pools, nicolae_overflow_macrodata_refinement, uniq_edmund
D:6:      layout_basic, uniq_pikel
D:7:      layout_gridville, amcnicky_altar_gilded, xom_shifter_show,
          uniq_duvessa

Skill      XL: |  1  2  3  4  5  6  7  8  9 |
---------------+----------------------------+-----
Spellcasting   | 1 2 3 4 5 |  5.6
Conjurations   | 1 2 3 4 5 |  5.6
Hexes          | 1 2 3 4 5 |  5.6
Summonings     | 1 2 3 4 5 |  5.6
Necromancy     | 1 2 3 4 5 |  5.6
Translocations | 1 2 3 4 5 |  5.6
Fire Magic     | 1 2 3 4 5 |  5.6
Ice Magic      | 1 2 3 4 5 |  5.6
Air Magic      | 1 2 3 4 5 |  5.6
Earth Magic    | 1 2 3 4 5 |  5.6
Alchemy        | 1 2 3 4 5 |  5.6
Long Blades    | 3 4 5 |  5.3
Armour         | 2 3 4 5 |  5.0
Dodging        | 3 4 5 |  5.9
Fighting       | 4 5 |  5.8

Action                     |  1- 3 |  4- 6 |  7- 9 || total
---------------------------+-------+-------+-------++-------
  Melee: Falchion          |   124 |   132 |   286 ||   542
         Punch             |     2 |     1 |     6 ||     9
   Cast: Shock             |       |    16 |    22 ||    38
         Hailstorm         |       |       |     5 ||     5
         Summon Blazeheart |       |       |     2 ||     2
    Use: Scroll            |       |     4 |     9 ||    13
         Potion            |       |       |     2 ||     2
   Stab: Confused          |       |     1 |     2 ||     3
         Distracted        |       |     1 |       ||     1
         Petrified         |       |       |     3 ||     3
         Sleeping          |       |       |     5 ||     5
 Armour: Leather armour    |    86 |    69 |    57 ||   212
         Troll leather arm |       |       |   163 ||   163
         Skin              |       |       |     3 ||     3
  Dodge: Dodged            |   125 |    80 |   269 ||   474

Table legend: (Time is in decaauts)
 A = Elapsed time spent in this place.
 B = Non-inter-level travel time spent in this place.
 C = Inter-level travel time spent in this place.
 D = Time resting spent in this place.
 E = Time spent auto-exploring this place.
 F = Levels seen in this place.
 G = Mean time per level.
                   A        B        C        D        E       F      G
               +--------+--------+--------+--------+--------+-----+--------+
         Total |  12122 |  11992 |    130 |   7360 |   3221 |   8 | 1515.2 |
       Dungeon |  11923 |  11793 |    130 |   7360 |   3105 |   7 | 1703.3 |
         Sewer |    198 |    198 |      0 |      0 |    116 |   1 |  198.0 |
               +--------+--------+--------+--------+--------+-----+--------+

Top non-repeatable levels by time:
     D:1: 7699 daAuts
     D:2: 1088 daAuts
     D:3: 880 daAuts
     D:4: 841 daAuts
     D:6: 652 daAuts
     D:5: 549 daAuts
     D:7: 211 daAuts
   Sewer: 198 daAuts
